[ AOE2 MATCH · #460260652 ]
UnrankedMalay vs Tupi
Player's team · LOSS
Rival team · WIN
[ REPLAY ANALYSIS · EXTRACTED FROM THE RECORDED GAME ]
Feudal
—
Castle
—
Imperial
—
| APM avg | 27.5 |
| APM peak | 71 |
| eAPM avg | 14.5 |
| Villagers / military | 135 / 94 |
Focus
⚔️ 26.7% · 🌾 73.3%
Skirmisher ×33 · Scout Cavalry ×20 · Cavalry Archer ×10 · Karambit Warrior ×10 · Knight ×6 · Archer ×5
Feudal
—
Castle
—
Imperial
—
| APM avg | 14.2 |
| APM peak | 55 |
| eAPM avg | 9.7 |
| Villagers / military | 78 / 13 |
Focus
⚔️ 46.1% · 🌾 53.9%
Unknown (2550) ×53 · Archer ×11 · Unknown (2579) ×9 · Trebuchet (Packed) ×2
Match map
Initial resources + every placement click. Lines = walls · curves = elevation contours. ◆ gold · ⬟ stone · ● berries · ✦ relic · ◌ wall gap
Your base· Open — unwalled flank
ULostAlready144's base· Open — unwalled flank
Smoothed initial terrain · ◌ = detected wall gap · hover for details
Inputs per minute
— AghSrt - - ULostAlready144
Build order — AghSrt
First 150 of 352 actions detected
| 0:05 | Build | House |
| 0:07 | Build | House |
| 0:08 | Create | Villager (Male) |
| 0:08 | Create | Villager (Male) |
| 0:08 | Create | Villager (Male) |
| 0:08 | Create | Villager (Male) |
| 0:09 | Create | Villager (Male) |
| 1:39 | Create | Villager (Male) |
| 1:39 | Create | Villager (Male) |
| 2:24 | Create | Villager (Male) |
| 2:24 | Create | Villager (Male) |
| 2:35 | Build | Mill |
| 3:02 | Create | Villager (Male) |
| 3:02 | Create | Villager (Male) |
| 3:20 | Create | Villager (Male) |
| 3:20 | Create | Villager (Male) |
| 3:42 | Create | Villager (Male) |
| 4:34 | Create | Villager (Male) |
| 4:34 | Create | Villager (Male) |
| 4:35 | Create | Villager (Male) |
| 5:19 | Create | Villager (Male) |
| 5:20 | Create | Villager (Male) |
| 6:59 | Create | Villager (Male) |
| 6:59 | Create | Villager (Male) |
| 7:33 | Create | Villager (Male) |
| 7:33 | Create | Villager (Male) |
| 7:53 | Build | House |
| 7:55 | Create | Villager (Male) |
| 7:55 | Create | Villager (Male) |
| 9:01 | Build | Lumber Camp |
| 9:45 | Research | Feudal Age |
| 10:47 | Create | Villager (Male) |
| 10:48 | Create | Villager (Male) |
| 10:48 | Create | Villager (Male) |
| 11:14 | Build | Barracks |
| 11:23 | Research | Double-Bit Axe |
| 11:36 | Build | House |
| 11:55 | Create | Villager (Male) |
| 11:56 | Create | Villager (Male) |
| 12:21 | Create | Villager (Male) |
| 12:21 | Create | Villager (Male) |
| 12:32 | Build | Stable |
| 12:49 | Build | Market |
| 12:53 | Create | Villager (Male) |
| 12:54 | Create | Villager (Male) |
| 12:58 | Build | House |
| 13:21 | Build | Blacksmith |
| 13:25 | Create | Villager (Male) |
| 13:25 | Create | Villager (Male) |
| 14:14 | Create | Villager (Male) |
| 14:14 | Create | Villager (Male) |
| 14:38 | Create | Villager (Male) |
| 15:11 | Create | Villager (Male) |
| 15:28 | Build | House |
| 15:46 | Create | Villager (Male) |
| 15:47 | Create | Villager (Male) |
| 15:47 | Create | Villager (Male) |
| 15:55 | Build | Farm |
| 15:55 | Build | Farm |
| 15:55 | Build | Farm |
| 15:55 | Build | Farm |
| 15:56 | Build | Farm |
| 15:56 | Build | Farm |
| 15:57 | Build | Farm |
| 16:13 | Create | Villager (Male) |
| 16:17 | Build | Farm |
| 16:53 | Build | Mining Camp |
| 16:57 | Create | Villager (Male) |
| 17:08 | Research | Horse Collar |
| 17:12 | Build | Farm |
| 17:27 | Create | Scout Cavalry |
| 17:27 | Create | Scout Cavalry |
| 17:32 | Build | Farm |
| 17:32 | Build | Farm |
| 17:33 | Build | Farm |
| 17:33 | Build | Farm |
| 17:36 | Build | Farm |
| 17:44 | Build | Farm |
| 17:44 | Build | Farm |
| 17:44 | Build | Farm |
| 17:44 | Build | Farm |
| 17:45 | Build | Farm |
| 17:45 | Build | Farm |
| 17:45 | Build | Farm |
| 17:46 | Build | Farm |
| 17:46 | Build | Farm |
| 17:47 | Build | Farm |
| 17:47 | Build | Farm |
| 17:48 | Build | Farm |
| 17:58 | Create | Villager (Male) |
| 17:58 | Create | Villager (Male) |
| 19:24 | Create | Villager (Male) |
| 19:24 | Create | Villager (Male) |
| 19:51 | Create | Spearman |
| 19:52 | Create | Militia |
| 19:57 | Build | House |
| 19:58 | Build | House |
| 20:04 | Create | Villager (Male) |
| 20:04 | Create | Villager (Male) |
| 20:04 | Create | Villager (Male) |
| 20:40 | Create | Villager (Male) |
| 20:40 | Create | Villager (Male) |
| 20:55 | Build | House |
| 20:56 | Build | House |
| 21:36 | Build | Watch Tower |
| 22:22 | Create | Scout Cavalry |
| 22:22 | Create | Scout Cavalry |
| 22:22 | Create | Scout Cavalry |
| 24:53 | Build | Mining Camp |
| 25:08 | Build | Archery Range |
| 25:46 | Create | Scout Cavalry |
| 25:46 | Create | Scout Cavalry |
| 25:47 | Create | Scout Cavalry |
| 25:47 | Create | Scout Cavalry |
| 26:17 | Create | Militia |
| 26:49 | Create | Skirmisher |
| 26:49 | Create | Skirmisher |
| 26:49 | Create | Skirmisher |
| 26:50 | Create | Archer |
| 26:50 | Create | Skirmisher |
| 26:50 | Create | Archer |
| 26:50 | Create | Skirmisher |
| 26:50 | Create | Skirmisher |
| 27:43 | Research | Castle Age |
| 28:19 | Create | Skirmisher |
| 28:20 | Create | Archer |
| 28:55 | Create | Skirmisher |
| 28:55 | Create | Archer |
| 29:30 | Create | Villager (Male) |
| 29:30 | Create | Villager (Male) |
| 29:30 | Create | Villager (Male) |
| 29:34 | Build | Mining Camp |
| 29:42 | Build | Town Center |
| 30:36 | Research | Padded Archer Armor |
| 30:37 | Research | Fletching |
| 30:56 | Create | Villager (Male) |
| 30:56 | Create | Villager (Male) |
| 30:57 | Create | Villager (Male) |
| 30:57 | Create | Villager (Male) |
| 30:57 | Create | Villager (Male) |
| 31:08 | Research | Gold Mining |
| 31:08 | Research | Stone Mining |
| 31:32 | Build | Farm |
| 31:35 | Research | Bow Saw |
| 32:04 | Create | Archer |
| 32:04 | Create | Cavalry Archer |
| 32:13 | Create | Villager (Male) |
| 32:13 | Create | Villager (Male) |
| 32:14 | Create | Villager (Male) |
| 32:14 | Create | Villager (Male) |
Build order — ULostAlready144
First 150 of 237 actions detected
| 0:03 | Create | Villager (Male) |
| 0:03 | Create | Villager (Male) |
| 0:03 | Create | Villager (Male) |
| 0:04 | Create | Villager (Male) |
| 0:04 | Create | Villager (Male) |
| 0:11 | Build | House |
| 0:17 | Build | Barracks |
| 1:27 | Create | Villager (Male) |
| 1:27 | Create | Villager (Male) |
| 1:35 | Create | Unit 2550 |
| 1:36 | Create | Unit 2550 |
| 1:52 | Create | Villager (Male) |
| 1:52 | Create | Villager (Male) |
| 2:28 | Create | Villager (Male) |
| 2:32 | Research | Loom |
| 2:38 | Build | House |
| 3:34 | Create | Villager (Male) |
| 3:34 | Create | Villager (Male) |
| 6:04 | Build | Settlement |
| 7:30 | Create | Unit 2550 |
| 7:30 | Create | Unit 2550 |
| 7:43 | Create | Villager (Male) |
| 9:14 | Create | Villager (Male) |
| 9:14 | Create | Villager (Male) |
| 10:07 | Create | Villager (Male) |
| 10:07 | Create | Villager (Male) |
| 10:52 | Create | Villager (Male) |
| 10:52 | Create | Villager (Male) |
| 11:09 | Create | Villager (Male) |
| 11:09 | Create | Villager (Male) |
| 11:12 | Create | Villager (Male) |
| 12:08 | Build | Farm |
| 12:13 | Build | Farm |
| 12:18 | Build | Farm |
| 12:30 | Build | Settlement |
| 12:38 | Build | Farm |
| 12:55 | Build | House |
| 13:03 | Create | Villager (Male) |
| 13:03 | Create | Villager (Male) |
| 13:04 | Create | Villager (Male) |
| 13:38 | Build | Farm |
| 14:20 | Build | Farm |
| 14:33 | Research | Feudal Age |
| 15:12 | Create | Villager (Male) |
| 15:13 | Create | Villager (Male) |
| 15:13 | Create | Villager (Male) |
| 16:48 | Build | Archery Range |
| 16:54 | Research | Horse Collar |
| 17:00 | Research | Double-Bit Axe |
| 17:20 | Create | Villager (Male) |
| 17:20 | Create | Villager (Male) |
| 17:28 | Create | Villager (Male) |
| 17:29 | Create | Villager (Male) |
| 17:29 | Create | Villager (Male) |
| 17:31 | Create | Villager (Male) |
| 17:31 | Create | Villager (Male) |
| 17:31 | Create | Villager (Male) |
| 17:32 | Create | Villager (Male) |
| 17:32 | Create | Villager (Male) |
| 17:56 | Create | Archer |
| 17:57 | Create | Archer |
| 17:57 | Create | Archer |
| 17:57 | Create | Archer |
| 17:58 | Create | Archer |
| 17:59 | Create | Archer |
| 18:16 | Build | Farm |
| 18:46 | Build | Blacksmith |
| 19:39 | Research | Fletching |
| 20:12 | Build | House |
| 20:26 | Build | House |
| 20:31 | Build | House |
| 20:42 | Build | Barracks |
| 20:54 | Create | Archer |
| 20:55 | Create | Archer |
| 20:59 | Research | Forging |
| 21:08 | Build | Farm |
| 21:20 | Build | Farm |
| 21:27 | Build | Farm |
| 21:40 | Build | Farm |
| 21:57 | Create | Villager (Male) |
| 21:57 | Create | Villager (Male) |
| 23:12 | Research | Tech 1402 |
| 23:13 | Create | Unit 2550 |
| 23:13 | Create | Unit 2550 |
| 23:14 | Create | Unit 2550 |
| 23:14 | Create | Unit 2550 |
| 23:14 | Create | Unit 2550 |
| 23:15 | Create | Unit 2550 |
| 23:31 | Build | Settlement |
| 23:56 | Create | Archer |
| 23:56 | Create | Archer |
| 23:57 | Create | Archer |
| 24:21 | Research | Stone Mining |
| 24:58 | Create | Unit 2550 |
| 24:59 | Create | Unit 2550 |
| 24:59 | Create | Unit 2550 |
| 25:00 | Create | Unit 2550 |
| 25:02 | Research | Arson |
| 27:05 | Research | Castle Age |
| 28:04 | Create | Villager (Male) |
| 28:04 | Create | Villager (Male) |
| 28:04 | Create | Villager (Male) |
| 28:04 | Create | Villager (Male) |
| 28:05 | Create | Villager (Male) |
| 28:05 | Create | Villager (Male) |
| 29:58 | Build | Castle |
| 30:42 | Build | Farm |
| 30:51 | Build | University |
| 31:30 | Build | Siege Workshop |
| 31:37 | Build | Farm |
| 33:10 | Build | Town Center |
| 33:34 | Create | Unit 2579 |
| 33:35 | Create | Unit 2579 |
| 33:35 | Create | Unit 2579 |
| 34:15 | Build | Siege Workshop |
| 35:03 | Create | Unit 2579 |
| 35:04 | Create | Unit 2579 |
| 35:04 | Create | Unit 2579 |
| 35:04 | Create | Unit 2579 |
| 35:05 | Create | Unit 2579 |
| 35:15 | Build | House |
| 35:20 | Build | House |
| 35:27 | Build | House |
| 36:26 | Research | Squires |
| 36:28 | Research | Tech 1351 |
| 36:34 | Create | Unit 2579 |
| 37:39 | Create | Villager (Male) |
| 37:39 | Create | Villager (Male) |
| 37:39 | Create | Villager (Male) |
| 37:40 | Create | Villager (Male) |
| 37:40 | Create | Villager (Male) |
| 37:41 | Create | Villager (Male) |
| 37:51 | Create | Villager (Male) |
| 37:52 | Create | Villager (Male) |
| 37:54 | Research | Wheelbarrow |
| 37:55 | Research | Wheelbarrow |
| 38:04 | Build | Farm |
| 38:09 | Create | Villager (Male) |
| 38:09 | Create | Villager (Male) |
| 38:11 | Create | Villager (Male) |
| 38:11 | Create | Villager (Male) |
| 38:12 | Create | Villager (Male) |
| 38:15 | Create | Villager (Male) |
| 38:49 | Build | Farm |
| 39:14 | Research | Tech 1392 |
| 39:26 | Research | Gold Mining |
| 39:28 | Research | Bow Saw |
| 39:36 | Create | Unit 2550 |
| 39:36 | Create | Unit 2550 |
| 39:36 | Create | Unit 2550 |
Match timeline
| 0:17 | ULostAlready144 · first_building Barracks |
| 11:14 | AghSrt · first_building Barracks |
| 12:32 | AghSrt · first_building Stable |
| 15:43 | AghSrt · first_market_sell 100 stone |
| 15:44 | AghSrt · first_market_buy 100 food |
| 16:48 | ULostAlready144 · first_building Archery Range |
| 25:08 | AghSrt · first_building Archery Range |
| 29:58 | ULostAlready144 · first_building Castle |
| 31:30 | ULostAlready144 · first_building Siege Workshop |
| 35:44 | AghSrt · first_building Monastery |
| 37:44 | AghSrt · first_building Castle |
| 55:22 | AghSrt · resign |
[ AI ANALYSIS · 1 CREDIT ]
What really happened in this match?
Wolo.gg analyzes every decision: build order, eco, micro, common mistakes by bracket. Personalized analysis on WhatsApp or Discord in 30 seconds.
Civ guide
Malay
Perfil
Jugador #18590807